 Dungeon Crawl Stone Soup version 0.28-a0-1387-g3a22ab9bdc (webtiles) character file.

Game seed: 7139641984406660671

424 pokeman the Magician (level 6, -1/34 HPs)
             Began as a Deep Elf Hedge Wizard on Jan 2, 2022.
             Was an Initiate of Vehumet.
             Killed by divine providence
             ... invoked by an orc priest
              (11 damage)
             ... on level 4 of the Dungeon.
             The game lasted 00:08:52 (5046 turns).

pokeman the Magician (Deep Elf Hedge Wizard)        Turns: 5046, Time: 00:08:52

Health: -1/34      AC:  7    Str:  7    XL:     6   Next: 64%
Magic:  12/18      EV: 11    Int: 24    God:    Vehumet [......]
Gold:   200        SH:  0    Dex: 11    Spells: 2/19 levels left

rFire   + . .      SeeInvis .   k - +7 mace "Xuleso" {vorpal, Will+++ Int+3 Dex-3 Stlth+}
rCold   . . .      Faith    .   (no shield)
rNeg    . . .      Spirit   .   n - +0 leather armour
rPois   .          Reflect  .   d - +0 helmet
rElec   .          Harm     .   m - +1 cloak
rCorr   .          Rampage  .   v - +0 pair of gloves
Will    +++..                   (no boots)
Stlth   +++.......              (no amulet)
HPRegen 0.11/turn               r - ring of protection from fire
MPRegen 0.16/turn               (no ring)

@: no status effects
A: no striking features
a: Renounce Religion


You were on level 4 of the Dungeon.
You worshipped Vehumet.
Vehumet was noncommittal.
You visited 1 branch of the dungeon, and saw 4 of its levels.

You collected 200 gold pieces.

Inventory:

Hand Weapons
 k - the +7 mace "Xuleso" (weapon) {vorpal, Will+++ Int+3 Dex-3 Stlth+}
   (You found it on level 2 of the Dungeon)

   It inflicts extra damage upon your enemies.
   Int:       It affects your intelligence (+3).
   Dex:       It affects your dexterity (-3).
   Will:      It greatly increases your willpower.
   Stlth:     It makes you more stealthy.
 l - a +4 quarterstaff of chaos
Missiles
 g - 16 bolts
 q - 10 arrows
Armour
 d - a +0 helmet (worn)
 f - a +0 buckler
 m - a +1 cloak (worn)
 n - a +0 leather armour (worn)
 v - a +0 pair of gloves (worn)
Jewellery
 r - a ring of protection from fire (left hand)
Scrolls
 c - 2 scrolls of blinking {unknown}
 e - 5 scrolls of teleportation {unknown}
 j - a scroll of summoning {unknown}
 p - 2 scrolls of silence {unknown}
 t - a scroll of enchant weapon {unknown}
 u - a scroll of amnesia {unknown}
 w - 2 scrolls of identify {unknown}
 x - a scroll of enchant armour {unknown}
Potions
 a - 2 potions of degeneration {unknown}
 b - a potion of might {unknown}
 h - 2 potions of heal wounds {unknown}
 i - a potion of attraction {unknown}
 o - a potion of magic {unknown}
 s - a potion of berserk rage {unknown}


   Skills:
 - Level 1.1 Fighting
 - Level 1.1 Armour
 - Level 3.0 Dodging
 - Level 3.0 Stealth
 - Level 1.2 Shields
 * Level 7.3 Spellcasting
 + Level 3.3 Conjurations
 - Level 1.1 Summonings
 - Level 1.1 Translocations
 + Level 1.3 Fire Magic
 + Level 0.5 Air Magic
 - Level 1.0 Poison Magic


You had 2 spell levels left.
You knew the following spells:

 Your Spells              Type           Power      Damage    Failure   Level
a - Magic Dart            Conj           96%        1d7       2%          1
b - Mephitic Cloud        Conj/Pois/Air  16%        N/A       16%         3
c - Call Imp              Summ           14%        N/A       10%         2
d - Blink                 Tloc           28%        N/A       10%         2
e - Conjure Flame         Conj/Fire      19%        6-21      12%         3
f - Starburst             Conj/Fire      9%         6d5       99%         6

Your spell library contained the following spells:

 Spells                   Type           Power      Damage    Failure   Level
 Slow                     Hex            32%        N/A       11%         1
 Dazzling Flash           Conj/Hex       32%        N/A       16%         3
 Iskenderun's Mystic Bla  Conj/Tloc      19%        2d6       38%         4


Dungeon Overview and Level Annotations

Branches:
Dungeon (4/15)
 Temple: D:4-7

Altars:
Dithmenos
Nemelex Xobeh
Uskayaw
Vehumet
Xom
Zin

Shops:
D:1 [


Message History

x - a scroll labelled OTUYCS ZERHAJE
Casting: Magic Dart (safe; 2% risk of failure)
Confirm with . or Enter, or press ? or * to list all spells.
The spell is quite dangerous to miscast (16% risk of failure)!
Continue anyway?
Okay, then.
Found a puce potion.
Found a stone staircase leading down.
The orc priest shouts!
The orc priest looks encouraged for a moment.
Casting: Mephitic Cloud (quite dangerous; 16% risk of failure)
Confirm with . or Enter, or press ? or * to list all spells.
The spell is quite dangerous to miscast (16% risk of failure)!
Continue anyway?
Aiming: Mephitic Cloud (quite dangerous; 16% risk of failure)
Press: ? - help, Shift-Dir - straight line, f - orc priest
Aim: an orc priest, wielding a +0 flail (chance to affect: 86%)
The ball explodes into a vile cloud!
The orc priest shouts!
Unknown command.
Casting: Mephitic Cloud (quite dangerous; 16% risk of failure)
Confirm with . or Enter, or press ? or * to list all spells.
You don't know that spell.
Casting: Mephitic Cloud (quite dangerous; 16% risk of failure)
Confirm with . or Enter, or press ? or * to list all spells.
The spell is quite dangerous to miscast (16% risk of failure)!
Continue anyway?
Aiming: Mephitic Cloud (quite dangerous; 16% risk of failure)
Press: ? - help, Shift-Dir - straight line, f - orc priest
Aim: an orc priest, wielding a +0 flail (chance to affect: 86%)
The ball explodes into a vile cloud!
The stinking cloud engulfs the orc priest but does no damage. x2
The orc priest is engulfed in noxious fumes.
The orc priest zaps a wand.
The mass of ice explodes!
The iceblast engulfs you!
Unknown command.
Unknown command.
The orc priest mumbles some strange prayers to Beogh against you.
Beogh smites you!
* * * LOW HITPOINT WARNING * * *
The orc priest looks satisfied for a moment.
Unknown command.
The orc priest mumbles some strange prayers to Beogh against you.
Beogh smites you!
You die...

####### ..>....########
...........(...
..○.°..#######. ..°.°..
###' ....... #...
###°○..... ###...
####.o°○o.... #.+##'
###...@#....>.. #.#..#
####...#######..## #.#..#
########....### ###..#
#.#..# .........####
###...(#####.'..'
##########
#####...#....#...#..#
####....<###......#.#..#
#....###.....###.##.#..#
##.###....###.###.##.+##+
## #......####
#..##.##.#...


You could see 2 orc priests.

Vanquished Creatures
  An ice beast (D:3)
  A scorpion (D:4)
  A hound (D:4)
  An orc priest (D:3)
  Crazy Yiuf (D:2)
  An iguana (D:3)
  An orc wizard (D:3)
  3 adders (D:3)
  A worm (D:2)
  A dart slug (D:3)
  9 orcs (D:3)
  3 ball pythons
  6 endoplasms
  2 giant cockroaches
  5 hobgoblins
  6 jackals
  4 kobolds
  A quokka (D:2)
  5 bats
  3 frilled lizards
  12 goblins
  5 rats
73 creatures vanquished.

Vanquished Creatures (collateral kills)
  An orc wizard (D:4)
  An endoplasm (D:4)
2 creatures vanquished.

Vanquished Creatures (others)
  A fungus (D:2)
1 creature vanquished.

Grand Total: 76 creatures vanquished

Notes
Turn   | Place    | Note
-------+----------+-------------------------------------------
     0 | D:1      | pokeman the Deep Elf Hedge Wizard began the quest for the
                  | Orb.
     0 | D:1      | Reached XP level 1. HP: 10/10 MP: 7/7
   422 | D:1      | Found a faded altar of an unknown god.
   439 | D:1      | Found Lutocov's Antique Armour Emporium.
   911 | D:2      | Found a shimmering altar of Xom.
   928 | D:2      | Reached XP level 2. HP: 16/16 MP: 6/9
  1305 | D:2      | Reached skill level 5 in Spellcasting
  1465 | D:2      | Reached XP level 3. HP: 20/20 MP: 6/11
  1469 | D:2      | Learned a level 3 spell: Mephitic Cloud
  1472 | D:2      | Learned a level 2 spell: Call Imp
  1482 | D:2      | Learned a level 2 spell: Blink
  1486 | D:2      | Learned a level 3 spell: Conjure Flame
  2045 | D:2      | Found a runed translucent door.
  2046 | D:2      | Noticed Crazy Yiuf
  2059 | D:2      | Killed Crazy Yiuf
  2060 | D:2      | Reached skill level 1 in Fighting
  2060 | D:2      | Reached skill level 1 in Armour
  2328 | D:2      | Identified the +7 mace "Xuleso" {vorpal, Will+++ Int+3
                  | Dex-3 Stlth+}
  2370 | D:3      | Reached XP level 4. HP: 25/25 MP: 8/13
  2596 | D:3      | Noticed an ice beast
  2717 | D:2      | Reached skill level 6 in Spellcasting
  2942 | D:3      | Reached XP level 5. HP: 29/29 MP: 10/15
  3203 | D:3      | Killed an ice beast
  3204 | D:3      | Reached skill level 1 in Shields
  3531 | D:3      | Reached XP level 6. HP: 18/34 MP: 11/17
  3682 | D:3      | Found a sparkling altar of Nemelex Xobeh.
  3743 | D:3      | Found a radiant altar of Vehumet.
  3754 | D:3      | Became a worshipper of Vehumet
  3913 | D:3      | Found a large runed translucent door.
  3916 | D:3      | Found a large runed translucent door.
  4359 | D:3      | Found a hide-covered altar of Uskayaw.
  4363 | D:3      | Found a glowing silver altar of Zin.
  4433 | D:4      | Reached skill level 7 in Spellcasting
  4492 | D:4      | Found a shadowy altar of Dithmenos.
  4628 | D:4      | Learned a level 6 spell: Starburst
  4656 | D:4      | Reached skill level 1 in Fire Magic
  4656 | D:4      | Reached skill level 1 in Poison Magic
  5046 | D:4      | Killed from afar by an orc priest

Illustrated notes

Levels and vault maps discovered:
D:1:      sevenhm_arrival_forest_fort_small_3, layout_basic,
          hellmonk_ecumenical_altar_lost_god, serial_shops, nicolae_shop_trees
D:2:      minmay_alternating_diamond, layout_basic, basic_altar,
          uniq_crazy_yiuf_cottage
D:3:      layout_loops_corners, jmf_multi_god_temple2,
          lemuel_coloured_pillars_altar, nemelex_xobeh_ov_fountains_minmay,
          minmay_distorted
D:4:      layout_rooms, mainiacjoe_overflow_24_doors, roderic_lattice_a

Skill      XL: |  1  2  3  4  5  6 |
---------------+-------------------+-----
Spellcasting   | 5 6 7 |  7.3
Fighting       | 1 |  1.1
Armour         | 1 |  1.1
Conjurations   | 2 3 |  3.3
Dodging        | 3 |  3.0
Stealth        | 3 |  3.0
Shields        | 1 |  1.2
Fire Magic     | 1 |  1.3
Poison Magic   | 1 |  1.0
Summonings     | |  1.1
Translocations | |  1.1
Air Magic      | |  0.5

Action                   |  1- 3 |  4- 6 || total
-------------------------+-------+-------++-------
Melee: Dagger            |     8 |       ||     8
       Mace              |     3 |    43 ||    46
 Cast: Magic Dart        |    79 |    81 ||   160
       Call Imp          |     1 |     4 ||     5
       Conjure Flame     |     1 |     2 ||     3
       Mephitic Cloud    |     1 |     6 ||     7
       Blink             |       |     1 ||     1
Armor: Robe              |     4 |     6 ||    10
       Leather armour    |       |    16 ||    16
Dodge: Dodged            |    11 |    37 ||    48

Table legend: (Time is in decaauts)
 A = Elapsed time spent in this place.
 B = Non-inter-level travel time spent in this place.
 C = Inter-level travel time spent in this place.
 D = Time resting spent in this place.
 E = Time spent auto-exploring this place.
 F = Levels seen in this place.
 G = Mean time per level.
                   A        B        C        D        E       F      G
               +--------+--------+--------+--------+--------+-----+--------+
         Total |   5065 |   4882 |    183 |    693 |   3556 |   4 | 1266.2 |
       Dungeon |   5065 |   4882 |    183 |    693 |   3556 |   4 | 1266.2 |
               +--------+--------+--------+--------+--------+-----+--------+

Top non-repeatable levels by time:
     D:3: 1985 daAuts
     D:2: 1815 daAuts
     D:1: 848 daAuts
     D:4: 415 daAuts
